 Dungeon Crawl Stone Soup version 0.29.1-1-gd02db6906a (webtiles) character file.

Game seed: 16419408469670176774

23 Metae the Slasher (level 3, 0/28 HPs)
             Began as a Meteoran Wanderer on Sept 26, 2022.
             Slain by a gnoll
             ... wielding a +0 club
              (1 damage)
             ... on level 2 of the Dungeon.
             The game lasted 00:04:09 (548 turns).

Metae the Slasher (Meteoran Wanderer)                Turns: 548, Time: 00:04:09

Health: 0/28       AC:  6    Str: 14    XL:     3   Next: 29%
Magic:  6/6        EV: 10    Int: 16    God:
Gold:   41         SH:  0    Dex: 12    Spells: 4/5 levels left

rFire   . . .      SeeInvis .   a - +0 long sword
rCold   . . .      Faith    .   (no shield)
rNeg    . . .      Spirit   .   b - +0 ring mail
rPois   .          Reflect  .   (no helmet)
rElec   .          Harm     .   (no cloak)
rCorr   .          Rampage  .   d - +0 pair of gloves
Will    .....                   (no boots)
Stlth   +.........              (no amulet)
HPRegen 0.09/turn               (no ring)
MPRegen 0.10/turn               (no ring)

@: glowing
A: sense surroundings 1, otherworldly, glowing, explore regen
a: no special abilities


You were on level 2 of the Dungeon.
You visited 1 branch of the dungeon, and saw 2 of its levels.

You collected 41 gold pieces.

Inventory:

Hand Weapons
 a - a +0 long sword (weapon)
Armour
 b - a +0 ring mail (worn)
 d - a +0 pair of gloves (worn)
Scrolls
 g - a scroll of vulnerability {unknown}
Potions
 c - a potion of mutation
 e - a potion of invisibility {unknown}
 f - a potion of flight {unknown}


   Skills:
 + Level 1.5 Fighting
 + Level 5.0 Long Blades
 + Level 2.7 Armour
 + Level 1.6 Dodging
 + Level 1.8 Spellcasting
 + Level 1.8 Poison Magic


You had 4 spell levels left.
You knew the following spells:

 Your Spells              Type           Power      Damage    Failure   Level
a - Sting                 Tmut/Pois      16%        1d3       28%         1

Your spell library contained the following spells:

 Spells                   Type           Power      Damage    Failure   Level
 Spider Form              Tmut/Pois      4%         N/A       65%         3


Dungeon Overview and Level Annotations

Branches:
Dungeon (2/15) Zot: 640

Altars:


Innate Abilities, Weirdness & Mutations

You passively map a small area around you.
You are easily found by Zot.
You glow in the dark.
You regain HP and MP as you explore.


Message History

You slash the ball python!
You kill the ball python!
You see here a ball python corpse.
The quokka misses you.
The quokka bites you but does no damage. x2
You closely miss the quokka.
The quokka bites you but does no damage.
You miss the quokka.
The quokka bites you but does no damage.
The gnoll misses you.
You closely miss the quokka.
The quokka bites you but does no damage.
The gnoll hits you but does no damage. x2; The gnoll hits you with a +0 club.
The quokka bites you but does no damage.
You slash the quokka!
You kill the quokka!
The gnoll barely misses you. The gnoll hits you but does no damage.
The gnoll hits you with a +0 club. The gnoll hits you with a +0 club.
The gnoll hits you with a +0 spear. The gnoll barely misses you.
You see here a quokka corpse.
The gnoll barely misses you. The gnoll misses you. x2
You hit the gnoll.
The gnoll is moderately wounded.
The gnoll misses you. The gnoll barely misses you.
The gnoll hits you with a +0 club.
You hit the gnoll.
The gnoll is severely wounded.
The gnoll hits you but does no damage. The gnoll hits you with a +0 club.
The gnoll hits you with a +0 spear.
* * * LOW HITPOINT WARNING * * *
The gnoll closely misses you. The gnoll hits you but does no damage.
The gnoll hits you with a +0 spear.
* * * LOW HITPOINT WARNING * * *
You hit the gnoll.
The gnoll is severely wounded.
The gnoll closely misses you. The gnoll hits you with a +0 spear.
* * * LOW HITPOINT WARNING * * *
The gnoll hits you with a +0 club.
You die...

#.....!.##.. ,
#.......... * ,
#..........,
#<......##.##, , ,
#............
##.....##....
##..........
##.g†g......
######..g@.......
.......$.........,
#####............
#............ * ,
* , ,+...?......).
,, #............ *
*#............ ,
............# ,,
............. *


You could see 3 gnolls.

Vanquished Creatures
  A dart slug (D:1)
  5 ball pythons
  An endoplasm (D:1)
  A giant cockroach (D:1)
  A goblin (D:1)
  4 hobgoblins (D:1)
  2 quokkas
  3 frilled lizards (D:1)
  A rat (D:1)
19 creatures vanquished.

Notes
Turn   | Place    | Note
-------+----------+-------------------------------------------
     0 | D:1      | Metae the Meteoran Wanderer began the quest for the Orb.
     0 | D:1      | Metae set off with the following items: a +0 long sword, a
                  | +0 ring mail, a potion of mutation; and the following spell
                  | memorised: Sting; and the following spells available to
                  | memorise: Spider Form.
     0 | D:1      | Reached XP level 1. HP: 16/16 MP: 3/3
   159 | D:1      | Reached XP level 2. HP: 21/23 MP: 3/5
   187 | D:1      | Found a faded altar of an unknown god.
   238 | D:1      | Reached skill level 5 in Long Blades
   429 | D:1      | Reached XP level 3. HP: 22/28 MP: 6/6
   548 | D:2      | HP: 1/28 [gnoll/+0 spear (4)]
   548 | D:2      | Slain by a gnoll

Illustrated notes

Levels and vault maps discovered:
D:1:      dpeg_arrival_chambers_temple_mockup, layout_basic,
          dreamdust_ecumenical_altar_angels_and_demons
D:2:      layout_rooms, minmay_misc_feat_room, uniq_natasha, uniq_sigmund,
          uniq_terence

Skill      XL: |  1  2 |
---------------+-------+-----
Long Blades    | 5 |  5.0
Fighting       | |  1.5
Armour         | |  2.7
Dodging        | |  1.6
Spellcasting   | |  1.8
Poison Magic   | |  1.8

Action                   || total
-------------------------++-------
Melee: Long sword        ||    64
Armor: Ring mail         ||    45
Dodge: Dodged            ||    35
